 Dungeon Crawl Stone Soup version 0.24.0-13-gcf9b3192b9 (webtiles) character file.

Game seed: 13876921436539074360, levelgen mode: deterministic

3483907 GordonOverkill the Demolition Dwarf (level 24, 156/225 HPs)
             Began as a Deep Dwarf Fighter on Nov 10, 2019.
             Was an Elder of Makhleb.
             Escaped with the Orb
             ... and 3 runes!
             The game lasted 02:58:24 (20904 turns).

GordonOverkill the Demolition Dwarf (DDFi)         Turns: 20904, Time: 02:58:24

Health: 156/225    AC: 38    Str: 34    XL:     24   Next: 49%
Magic:  0/0 (2)    EV: 21    Int: 14    God:    Makhleb [****..]
Gold:   1018       SH: 26    Dex: 19    Spells: 47/47 levels left

rFire    + + +     SeeInvis +   b - +2 broad axe (antimagic)
rCold    + . .     Gourm    .   m - +1 large shield
rNeg     + . .     Faith    +   w - +2 gold dragon scales
rPois    +         Spirit   .   r - +2 helmet {Int+3}
rElec    +         Reflect  .   L - +2 cloak {rC+}
rCorr    .         Harm     .   K - +2 pair of gloves
MR       ++++.                  U - +2 pair of boots {Fly}
Stlth    ..........             V - amulet "Geniun" {Faith *Drain Str+5 SInv Stlth+}
HPRegen  0.00/turn              n - ring of the Scavenger {rElec rF+ Stlth+}
MPRegen  0.07/turn              l - ring of Sool {Fire MR+ Str+3 SInv}

@: agile, flying, non-regenerating
A: damage resistance, heal wounds, talons 1, thin metallic scales 1, clumsy 1,
deterioration 1, negative energy resistance 1, sense surroundings 3, no
regeneration
0: Orb of Zot
}: 3/15 runes: serpentine, barnacled, silver
a: Heal Wounds, Minor Destruction, Lesser Servant of Makhleb, Major Destruction,
Renounce Religion, Stop Flying


You escaped.
You worshipped Makhleb.
Makhleb was greatly pleased with you.
You were full.

You visited 9 branches of the dungeon, and saw 47 of its levels.
You also visited: Gauntlet and Ice Cave.

You collected 3185 gold pieces.
You spent 2167 gold pieces at shops.

Inventory:

Hand Weapons
 a - a +9 broad axe of draining
 b - a +2 antimagic broad axe (weapon)
Missiles
 h - 27 silver javelins
 x - 2 throwing nets (quivered)
 D - 12 curare-tipped darts
Armour
 m - a +1 large shield (worn)
 r - a +2 helmet of intelligence (worn)
 w - +2 gold dragon scales (worn)
 K - a +2 pair of gloves (worn)
 L - a +2 cloak of cold resistance (worn)
 U - a +2 pair of boots of flying (worn)
 W - a +1 cloak of invisibility
Jewellery
 c - an uncursed ring of protection from cold
 l - the ring of Sool (right hand) {Fire MR+ Str+3 SInv}
   (You found it in a Gauntlet)

   [ring of fire]

   It enhances your fire magic.
   It affects your strength (+3).
   It protects you from fire.
   It makes you vulnerable to cold.
   It affects your resistance to hostile enchantments.
   It lets you see invisible.
 n - the ring of the Scavenger (left hand) {rElec rF+ Stlth+}
   (You found it on level 14 of the Dungeon)

   [ring of stealth]

   It protects you from fire.
   It insulates you from electricity.
   It makes you more stealthy.
 H - the ring "Sizekuon" {rPois MR+ Str+3 Int+5 Slay+2}
   (You found it in a Gauntlet)

   [ring of protection from magic]

   It affects your strength (+3).
   It affects your intelligence (+5).
   It affects your accuracy and damage with ranged weapons and melee attacks
   (+2).
   It protects you from poison.
   It affects your resistance to hostile enchantments.
 V - the amulet "Geniun" (around neck) {Faith *Drain Str+5 SInv Stlth+}
   (You found it on level 4 of the Shoals)

   [amulet of faith]

   It allows you to gain divine favour quickly.
   It affects your strength (+5).
   It lets you see invisible.
   It causes draining when unequipped.
   It makes you more stealthy.
Wands
 i - a wand of acid (14)
 k - a wand of clouds (2)
 B - a wand of iceblast (16)
 I - a wand of enslavement (6)
 Q - a wand of scattershot (5)
 R - a wand of paralysis (17)
Scrolls
 j - 7 scrolls of identify
 q - 15 scrolls of remove curse
 y - 5 scrolls of fear
 G - a scroll of blinking
 P - 2 scrolls of teleportation
 Z - 4 scrolls of fog
Potions
 d - a potion of might
 p - 5 potions of lignification
 s - 2 potions of mutation
 v - a potion of invisibility
 A - a potion of berserk rage
 E - a potion of cancellation
 M - 6 potions of curing
 T - a potion of magic
Miscellaneous
 C - a lamp of fire
 F - a lightning rod (4/4)
 N - 2 boxes of beasts
 O - a sack of spiders
Comestibles
 e - 36 rations


   Skills:
 - Level 15.0 Fighting
 - Level 20.0 Axes
 - Level 15.0 Armour
 - Level 15.0 Dodging
 + Level 18.3 Shields
 - Level 12.0 Spellcasting
 O Level 27 Invocations
 - Level 10.0 Evocations


You had 47 spell levels left.
You didn't know any spells.
Your spell library contained the following spells:

 Spells                   Type           Power        Failure   Level  Hunger
 Animate Skeleton         Necr           N/A          93%         1    None
 Apportation              Tloc           #.....       93%         1    None
 Beastly Appendage        Tmut           #.....       93%         1    None
 Confusing Touch          Hex            #.....       93%         1    None
 Magic Dart               Conj           #...         93%         1    None
 Summon Small Mammal      Summ           #...         93%         1    None
 Blink                    Tloc           N/A          98%         2    None
 Ensorcelled Hibernation  Hex/Ice        #.....       98%         2    None
 Passwall                 Tmut/Erth      #.......     98%         2    None
 Poisonous Vapours        Pois/Air       #.....       98%         2    None
 Searing Ray              Conj           #.....       98%         2    None
 Confuse                  Hex            #.......     100%        3    None
 Conjure Flame            Conj/Fire      ##......     100%        3    None
 Dazzling Spray           Conj/Hex       #.....       100%        3    None
 Gell's Gravitas          Tloc           #.........   100%        3    None
 Ignite Poison            Fire/Tmut/Pois ##......     100%        3    None
 Mephitic Cloud           Conj/Pois/Air  #.......     100%        3    None
 Portal Projectile        Hex/Tloc       #.....       100%        3    None
 Force Lance              Conj/Tloc      #.......     100%        4    ###....
 Fulminant Prism          Conj/Hex       #.........   100%        4    ###....
 Ice Form                 Ice/Tmut       #.......     100%        4    ###....
 Iskenderun's Mystic Bla  Conj           #.......     100%        4    ###....
 Petrify                  Tmut/Erth      #.......     100%        4    ###....
 Borgnjor's Vile Clutch   Necr/Erth      #.........   100%        5    #####..
 Metabolic Englaciation   Hex/Ice        #.........   100%        5    #####..
 Silence                  Hex/Air        #.........   100%        5    #####..
 Yara's Violent Unravell  Hex/Tmut       #.........   100%        5    #####..
 Bolt of Cold             Conj/Ice       #.........   100%        6    ######.
 Bolt of Fire             Conj/Fire      ##........   100%        6    ######.
 Darkness                 Hex            #.........   100%        6    ######.
 Deflect Missiles         Chrm/Air       #.........   100%        6    ######.
 Dispersal                Tloc           #.........   100%        6    ######.
 Freezing Cloud           Conj/Ice/Air   #.........   100%        6    ######.
 Iron Shot                Conj/Erth      #.........   100%        6    ######.
 Ozocubu's Refrigeration  Ice            #.........   100%        6    ######.
 Shadow Creatures         Summ           N/A          100%        6    ######.
 Simulacrum               Ice/Necr       #.........   100%        6    ######.
 Ring of Flames           Chrm/Fire      ##........   100%        7    #######
 Controlled Blink         Tloc           N/A          100%        8    #######
 Disjunction              Tloc           #.........   100%        8    #######
 Tornado                  Air            #.........   100%        9    #######


Dungeon Overview and Level Annotations

Branches:
Dungeon (15/15)            Temple (1/1) D:7            Lair (6/6) D:8
 Shoals (4/4) Lair:3        Snake (4/4) Lair:2        Slime (0/5) Lair:6
    Orc (2/2) D:10            Elf (0/3) Orc:2        Vaults (5/5) D:14
  Crypt (0/3) Vaults:3     Depths (5/5) D:15            Zot (5/5) Depths:5
  IceCv (visited)         Gauntlet (visited)

Altars:
Cheibriados
Dithmenos
Elyvilon
Fedhas
Gozag
Hepliaklqana
Makhleb
Nemelex Xobeh
Qazlal
Ru
Sif Muna
Trog
Uskayaw
Vehumet
Xom
Yredelemnul
Zin
The Shining One
Jiyva

Shops:
D:14 *?   Orc:2 (?:[*   Snake:2 :   Vaults:5 =*([   Depths:5 [

Portals:
Hell: Depths:1 Depths:3
Abyss: Depths:3
Pandemonium: Depths:2
Ziggurat: Depths:3

Annotations:
D:5 2 transporters, tilp's ghost, novice TeAE
Lair:1 exclusion: 2 oklob plants
Zot:5 2 exclusions


Innate Abilities, Weirdness & Mutations

You are resistant to damage.
You can heal yourself by infusing magical energy.
You resist negative energy. (rN+)
You passively map a large area around you.
You do not regenerate.
You have sharp toenails.
You are partially covered in thin metallic scales. (AC +2)
You are clumsy. (Dex -2)
Your body sometimes deteriorates upon taking damage.


Message History

The Tzitzimitl is severely wounded.
The Tzitzimitl falters for a moment.
The Tzitzimitl struggles against the net.
Your hellwing hits the Tzitzimitl but does no damage. x2
You slash the Tzitzimitl!
The Tzitzimitl's magic leaks into the air.
The Tzitzimitl is almost dead.
You hit the Tzitzimitl.
The Tzitzimitl's magic leaks into the air.
The Tzitzimitl is almost dead.
Your hellwing hits the Tzitzimitl!
Your hellwing hits the Tzitzimitl but does no damage.
You slash the Tzitzimitl!
You kill the Tzitzimitl!
Makhleb accepts your kill.
You feel better.
You feel a little less mighty now.
There is a staircase leading out of the dungeon here.
You are no longer poisoned.
You have escaped!

.....≈≈≈≈.......>##.#.......#
......≈≈≈........##.#....#.######
......≈≈≈........##.#............
....(.≈≈≈≈.......##.#.#..#.######
.................##.#............
......≈≈≈≈.......##.####.#.######
.......≈≈≈.......##.# #.#.#
.......≈≈≈.......##.# #...#
.......≈≈≈≈....4@##.# ##..#
########≈≈≈########.# #..#### *
##≈≈≈≈ #.# #.....# ##≈≈≈ *
#.######....# ### *
#......#....### * ** *
#.............. , ,, ,,
##.....##...... ** * *
#.....##...... , , ,
#.....##......


You could see a friendly hellwing.

Vanquished Creatures
  A pandemonium lord (D:1)
  4 ancient liches (Zot:5)
  2 orbs of fire (Zot:5)
  7 Killer Klowns (Zot:5)
  Boris (Vaults:3)
  Saint Roka (Depths:5)
  3 golden dragons
  Jory (Vaults:3)
  The ghost of Heleythu the Bludgeoner, an adept CeWz of Okawaru (Shoals:1)
  A Tzitzimitl (D:1)
  A Brimstone Fiend (D:9)
  An electric golem (Zot:1)
  24 Orb Guardians
  A lich (Vaults:3)
  4 tentacled monstrosities
  Asterion (Depths:3)
  A quicksilver dragon (Vaults:5)
  An ancient champion (Vaults:3)
  3 sphinxes
  3 titans (Vaults:5)
  6 death cobs
  8 shadow dragons
  7 tengu reavers
  7 storm dragons
  5 nagarajas (Snake:4)
  3 vault wardens (Vaults:5)
  2 draconian knights
  4 fire giants
  3 iron dragons
  5 frost giants
  A cacodemon (Depths:2)
  2 ghost moths (Zot:5)
  A draconian shifter (Depths:5)
  8 ironheart preservers
  2 draconian scorchers
  A deep elf elementalist (Depths:5)
  A spriggan defender (Depths:4)
  2 draconian annihilators
  A reaper (D:3)
  2 draconian stormcallers
  The ghost of Piunecan the Cleaver, a journeyman FoFi of Okawaru (D:14)
  An entropy weaver (Vaults:1)
  5 war gargoyles
  15 stone giants
  25 very ugly things
  A vampire knight (Depths:5)
  4 green draconians
  4 white draconians
  A deep elf annihilator (Vaults:5)
  A minotaur (shapeshifter) (Vaults:5)
  A minotaur (Gauntlet)
  A deep elf demonologist (Vaults:5)
  6 yellow draconians
  6 black draconians
  A spark wasp (Depths:2)
  An eidolon (Vaults:3)
  4 purple draconians
  3 merfolk javelineers (Shoals:4)
  Josephine (Orc:2)
  3 merfolk impalers
  A deep elf death mage (Vaults:3)
  19 ettins
  2 jiangshi (Depths:1)
  2 rakshasas
  14 yaktaur captains
  3 great orbs of eyes
  2 deep elf high priests (Vaults:5)
  6 fire dragons
  12 naga warriors
  21 vault guards
  3 catoblepae
  4 spriggan air magi
  8 centaur warriors
  2 alligator snapping turtles
  5 hydras
  7 ice dragons
  21 two-headed ogres
  3 merfolk avatars
  8 anacondas
  5 merfolk aquamancers
  5 ogre magi
  A dancing weapon (Vaults:5)
  10 naga sharpshooters
  A queen ant (shapeshifter) (D:15)
  A death knight (Vaults:3)
  2 death scarabs (Gauntlet)
  9 deep troll shamans
  11 deep troll earth magi
  4 tengu warriors
  The ghost of Ratty the Eclecticist, a journeyman DENe of Kikubaaqudgha (D:10)
  4 deep elf knights
  Sonja (D:10)
  A shock serpent (Snake:4)
  15 spriggan berserkers
  5 spriggans
  7 iron trolls
  2 spectral death yaks (Gauntlet)
  A sun demon (Depths:2)
  A large abomination (D:6)
  A sixfirhy (D:2)
  A fire crab (shapeshifter) (Vaults:5)
  A titan skeleton (Vaults:5)
  11 hell knights
  A gelid demonspawn (Depths:2)
  3 salamander mystics
  4 flayed ghosts
  20 sea snakes
  7 skeletal warriors
  3 naga ritualists
  A swamp dragon (shapeshifter) (Vaults:5)
  34 deep trolls
  5 glowing orange brains
  A lindwurm (Lair:6)
  5 necromancers
  5 orc knights
  5 wizards
  8 harpies
  15 ironbrand convokers
  A harpy (shapeshifter) (D:15)
  A phantasmal warrior (Vaults:5)
  A deep elf archer (Vaults:5)
  11 mana vipers
  7 deep elf magi
  7 orc sorcerers
  11 cyclopes
  52 ugly things
  11 manticores
  A salamander (shapeshifter) (Depths:4)
  11 moths of wrath
  13 salamanders
  A faun (Shoals:2)
  A wolf spider (Vaults:3)
  7 merfolk sirens
  26 black mambas
  A black mamba (shapeshifter) (D:15)
  16 elephants
  A frost giant skeleton (Vaults:5)
  9 guardian serpents (Snake:4)
  A guardian serpent (shapeshifter) (D:15)
  13 naga magi
  12 vault sentinels
  A water nymph (shapeshifter) (Vaults:5)
  3 water nymphs
  3 molten gargoyles (Lair:6)
  12 spiny frogs
  An ice statue (IceCv)
  5 spectral swamp worms (Depths:3)
  Psyche (D:10)
  An orange demon (Depths:1)
  3 smoke demons
  A spiny frog (shapeshifter) (Vaults:5)
  A kobold demonologist (D:13)
  An elf skeleton (Vaults:5)
  A rime drake (shapeshifter) (D:15)
  11 freezing wraiths
  5 komodo dragons
  3 rime drakes
  8 yaktaurs
  3 hellwings (D:7)
  6 tengu conjurers
  An ice devil (D:1)
  A jumping spider (shapeshifter) (Vaults:3)
  A troll (shapeshifter) (Depths:1)
  10 trolls
  2 hornets (shapeshifter)
  A jumping spider (Vaults:2)
  16 slime creatures
  Prince Ribbit (D:5)
  18 merfolk
  4 wind drakes (Shoals:4)
  A polar bear (Lair:4)
  Grinder (D:5)
  11 hippogriffs
  A slime creature (shapeshifter) (Vaults:5)
  9 hornets
  20 dream sheep
  7 blink frogs
  4 snapping turtles (Shoals:4)
  2 redbacks (Vaults:2)
  6 wraiths
  8 water elementals
  2 hogs (D:8)
  5 wyverns
  14 yaks
  22 humans
  6 basilisks
  A neqoxec (D:1)
  6 vampire mosquitoes
  3 steam dragons
  A spectral spiny frog (Gauntlet)
  Eustachio (D:4)
  An acid dragon (D:11)
  A soldier ant (D:13)
  36 nagas
  2 wargs (Orc:2)
  4 hell hounds (Lair:6)
  4 water moccasins
  A porcupine (shapeshifter) (Vaults:5)
  10 porcupines
  A floating eye (shapeshifter) (Vaults:5)
  9 ice beasts
  4 sky beasts
  4 necrophages
  25 orc warriors
  2 phantoms
  6 black bears
  22 ogres
  17 wolves
  3 boggarts (Depths:1)
  9 crocodiles
  19 centaurs
  8 big kobolds
  Blork the orc (D:4)
  17 bullfrogs
  A gnoll sergeant (Orc:1)
  A wyvern zombie (D:11)
  6 scorpions
  A swamp dragon simulacrum (IceCv)
  9 killer bees
  10 wights
  4 electric eels
  3 howler monkeys (D:5)
  3 crimson imps
  3 bullfrog zombies
  A centaur zombie (D:12)
  5 lava snakes (Lair:6)
  2 draconian simulacra (IceCv)
  2 quasits
  2 jellies
  3 hounds
  9 orc priests
  3 centaur skeletons
  18 orc wizards
  Ijyb (D:5)
  3 bullfrog skeletons
  An iguana (shapeshifter) (Vaults:3)
  5 iguanas
  14 worker ants
  3 spriggan simulacra (IceCv)
  4 troll simulacra (IceCv)
  2 polar bear simulacra (IceCv)
  A wolf simulacrum (IceCv)
  4 centaur simulacra (IceCv)
  2 hound skeletons
  3 mummies (D:7)
  A howler monkey skeleton (D:11)
  3 worker ant zombies
  4 naga simulacra (IceCv)
  9 adders
  15 gnolls
  3 ogre simulacra (IceCv)
  3 shadow imps (D:10)
  12 white imps (IceCv)
  2 adder zombies
  2 adder skeletons (D:5)
  4 worms
  4 leopard geckos
  60 orcs
  2 bats
  3 giant cockroaches
  4 goblins
  2 hobgoblins (D:3)
  16 jackals
  5 quokkas
  A frilled lizard (D:3)
  19 kobolds
  A leopard gecko skeleton (D:6)
  3 rats
  A bush (Depths:1)
  8 fungi
  12 plants
1584 creatures vanquished.

Vanquished Creatures (collateral kills)
  An orb of fire (Zot:5)
  A juggernaut (Depths:4)
  4 Killer Klowns (Zot:5)
  A caustic shrike (Depths:5)
  A Tzitzimitl (D:11)
  2 electric golems (Zot:5)
  An Ice Fiend (Depths:1)
  A tentacled monstrosity (Zot:5)
  Rupert (D:12)
  4 Orb Guardians (Zot:5)
  An Executioner (D:1)
  3 storm dragons
  A vault warden (Vaults:5)
  A draconian annihilator (Zot:5)
  A spriggan defender (Depths:5)
  2 very ugly things
  A deep elf annihilator (Vaults:5)
  A red draconian (Zot:5)
  2 yellow draconians (Zot:5)
  An ettin (Vaults:5)
  A merfolk javelineer (Shoals:4)
  2 vault guards (Vaults:5)
  2 yaktaur captains (Vaults:5)
  A great orb of eyes (D:15)
  A deep troll shaman (Depths:5)
  A dancing weapon (D:14)
  An alligator snapping turtle (Shoals:4)
  A vampire mage (Depths:1)
  2 naga sharpshooters (Snake:1)
  2 spriggans (Depths:5)
  2 shock serpents (Snake:1)
  An iron troll (Depths:5)
  2 sea snakes
  A deep troll (Depths:5)
  An ironbrand convoker (Vaults:5)
  An ugly thing (Vaults:2)
  2 moths of wrath (Zot:5)
  A black mamba (Snake:1)
  A water nymph (Shoals:4)
  An orange demon (Depths:2)
  A yaktaur (Depths:1)
  A demonic crawler (D:9)
  A merfolk (Shoals:4)
  4 hornets
  A water elemental (D:15)
  A naga (Snake:1)
  A human skeleton (Vaults:5)
  A jackal (D:1)
  A frilled lizard (D:1)
70 creatures vanquished.

Vanquished Creatures (others)
  A vampire mage (Depths:2)
  A mana viper (Snake:4)
  2 nagas (Snake:4)
  2 orc warriors (Depths:4)
  2 orc priests
  An orc wizard (Depths:4)
  13 bushes (Depths:1)
  9 fungi
  13 plants
44 creatures vanquished.

Grand Total: 1698 creatures vanquished

Notes
Turn   | Place    | Note
-------+----------+-------------------------------------------
     0 | D:1      | GordonOverkill the Deep Dwarf Fighter began the quest for
                  | the Orb.
     0 | D:1      | Reached XP level 1. HP: 20/20 MP: 1/1
    18 | D:1      | You fall into a shaft and drop 1 floor!
    22 | D:2      | Found an opulent altar of Gozag.
   181 | D:3      | Found a faded altar of an unknown god.
   182 | D:3      | Reached XP level 2. HP: 21/27 MP: 2/2
   242 | D:3      | Found a hazy altar of Hepliaklqana.
   285 | D:2      | Reached XP level 3. HP: 15/33 MP: 3/3
   401 | D:5      | Entered Level 5 of the Dungeon
   408 | D:5      | Reached XP level 4. HP: 15/40 MP: 4/4
   421 | D:4      | Reached skill level 5 in Axes
   471 | D:4      | Reached XP level 5. HP: 33/46 MP: 2/2
   485 | D:5      | Noticed Prince Ribbit
   600 | D:5      | Noticed a centaur
   609 | D:5      | Killed a centaur
   609 | D:5      | Reached XP level 6. HP: 42/55 MP: 3/3
   620 | D:5      | Noticed Ijyb
   643 | D:5      | Killed Ijyb
   689 | D:5      | Killed Prince Ribbit
   689 | D:5      | Reached XP level 7. HP: 42/61 MP: 3/6
   871 | D:4      | Found a stormy altar of Qazlal.
   899 | D:4      | Noticed Eustachio
   923 | D:4      | Killed Eustachio
   954 | D:5      | Reached skill level 5 in Evocations
   996 | D:5      | Reached XP level 8. HP: 41/68 MP: 8/8
  1218 | D:4      | Noticed Blork the orc
  1226 | D:4      | Killed Blork the orc
  1226 | D:4      | Reached skill level 10 in Axes
  1544 | D:5      | Found a transporter.
  1546 | D:5      | Noticed tilp's ghost (novice TeAE)
  1701 | D:5      | Found a transporter.
  1719 | D:5      | Noticed Grinder
  1737 | D:5      | Killed Grinder
  1785 | D:6      | Gained mutation: You passively map the area around you.
                  | [Deep Dwarf growth]
  1785 | D:6      | Reached XP level 9. HP: 62/74 MP: 8/8
  2017 | D:5      | Found an opulent altar of Gozag.
  2535 | D:6      | Found a white marble altar of Elyvilon.
  2540 | D:6      | Found a sparkling altar of Nemelex Xobeh.
  2801 | D:7      | Found a bloodstained altar of Trog.
  2941 | D:7      | Found a staircase to the Ecumenical Temple.
  2950 | Temple   | Entered the Ecumenical Temple
  3087 | D:8      | Noticed a two-headed ogre
  3089 | D:8      | Found a hide-covered altar of Uskayaw.
  3089 | D:8      | Noticed a +0 dagger
  3092 | D:8      | Noticed a +0 hand axe
  3101 | D:8      | Killed a two-headed ogre
  3101 | D:8      | Reached XP level 10. HP: 43/87 MP: 6/6
  3221 | D:8      | Found a staircase to the Lair.
  3236 | D:8      | Reached skill level 5 in Fighting
  3400 | D:8      | Reached skill level 15 in Axes
  3509 | D:8      | Identified Unwouxy's Disquisition on Dislocated Flight
  3513 | D:8      | Found a burning altar of Makhleb.
  3528 | D:8      | Became a worshipper of Makhleb the Destroyer
  3569 | Lair:1   | Entered Level 1 of the Lair of Beasts
  3587 | Lair:1   | Reached skill level 1 in Invocations
  3616 | Lair:1   | Noticed a spiny frog
  3625 | Lair:1   | Killed a spiny frog
  3689 | Lair:1   | Noticed an oklob plant
  3689 | Lair:1   | Noticed an oklob plant
  3757 | Lair:2   | Noticed a spiny frog
  3767 | Lair:2   | Killed a spiny frog
  3767 | Lair:2   | Reached skill level 2 in Invocations
  3767 | Lair:2   | Reached XP level 11. HP: 58/100 MP: 5/5
  3820 | Lair:2   | Reached skill level 3 in Invocations
  3924 | Lair:3   | Reached skill level 4 in Invocations
  4019 | Lair:3   | Reached * piety under Makhleb
  4057 | Lair:3   | Noticed an eight-headed hydra
  4069 | Lair:3   | Killed a three-headed hydra
  4133 | Lair:3   | Reached skill level 5 in Spellcasting
  4135 | Lair:3   | Reached skill level 5 in Invocations
  4271 | Lair:3   | Reached skill level 6 in Invocations
  4273 | Lair:3   | Found a frozen archway.
  4280 | IceCv    | Entered an ice cave
  4312 | IceCv    | Reached XP level 12. HP: 69/111 MP: 4/4
  4316 | IceCv    | Reached ** piety under Makhleb
  4422 | IceCv    | Reached skill level 7 in Invocations
  4570 | IceCv    | Found an ancient bone altar of Kikubaaqudgha.
  4609 | IceCv    | Reached skill level 8 in Invocations
  4675 | IceCv    | Reached *** piety under Makhleb
  5061 | Lair:4   | Reached skill level 9 in Invocations
  5166 | Lair:4   | Reached **** piety under Makhleb
  5281 | Lair:4   | Got a warped battleaxe
  5287 | Lair:4   | Identified the +11 battleaxe of Duty {freeze, rF+} (You
                  | found it on level 4 of the Lair of Beasts)
  5309 | Lair:5   | Noticed a catoblepas
  5323 | Lair:5   | Killed a catoblepas
  5323 | Lair:5   | Reached skill level 10 in Invocations
  5353 | Lair:6   | Entered Level 6 of the Lair of Beasts
  5568 | Lair:6   | Noticed a four-headed hydra
  5574 | Lair:6   | Killed a one-headed hydra
  5574 | Lair:6   | Reached XP level 13. HP: 118/118 MP: 3/5
  5578 | Lair:6   | Reached skill level 11 in Invocations
  5637 | Lair:6   | Reached ***** piety under Makhleb
  5642 | Lair:6   | Noticed a fire dragon
  5656 | Lair:6   | Found a large runed translucent door.
  5656 | Lair:6   | Found a large runed translucent door.
  5679 | Lair:6   | Killed a fire dragon
  5891 | Lair:6   | Found a staircase to the Slime Pits.
  5891 | Lair:6   | Found a viscous altar of Jiyva.
  6083 | Lair:6   | Reached skill level 12 in Invocations
  6685 | Lair:2   | Found a staircase to the Snake Pit.
  6704 | Snake:1  | Entered Level 1 of the Snake Pit
  6712 | Snake:1  | Reached skill level 13 in Invocations
  6774 | Snake:1  | Reached ****** piety under Makhleb
  6831 | Snake:1  | Gained mutation: You resist negative energy. (rN+) [Deep
                  | Dwarf growth]
  6831 | Snake:1  | Reached XP level 14. HP: 69/127 MP: 8/8
  6901 | Snake:2  | Found Anek's Book Shop.
  6938 | Snake:2  | Identified a scroll of acquirement
  7048 | Snake:3  | Reached skill level 14 in Invocations
  7084 | Snake:4  | Entered Level 4 of the Snake Pit
  7240 | Snake:4  | Reached skill level 10 in Spellcasting
  7385 | Snake:4  | Reached skill level 15 in Invocations
  7515 | Snake:4  | Reached XP level 15. HP: 93/134 MP: 3/7
  7567 | Snake:4  | Reached skill level 16 in Invocations
  7755 | Snake:4  | Noticed a nagaraja
  7767 | Snake:4  | Killed a nagaraja
  7776 | Snake:4  | Noticed a nagaraja
  7804 | Snake:4  | Killed a nagaraja
  7824 | Snake:4  | Reached skill level 17 in Invocations
  7895 | Snake:4  | Noticed a nagaraja
  7977 | Snake:4  | HP: 3/134 [nagaraja/+0 halberd (12)]
  7992 | Snake:4  | Killed a nagaraja
  8002 | Snake:4  | Noticed a nagaraja
  8007 | Snake:4  | Noticed a nagaraja
  8020 | Snake:4  | Killed a nagaraja
  8023 | Snake:4  | Killed a nagaraja
  8222 | Snake:4  | Got a serpentine rune of Zot
  8470 | Lair:3   | Found a staircase to the Shoals.
  8505 | Shoals:1 | Entered Level 1 of the Shoals
  8640 | Shoals:1 | HP: 6/134 [merfolk impaler/+0 trident of freezing (5)]
  8707 | Shoals:1 | HP: 5/134 [merfolk/+0 trident (2)]
  8710 | Shoals:1 | HP: 2/134 [merfolk/+0 trident (3)]
  8815 | D:9      | Found a burning altar of Makhleb.
  9045 | D:10     | Entered Level 10 of the Dungeon
  9103 | D:10     | Found a transporter.
  9109 | D:10     | Noticed Ratty's ghost (journeyman DENe)
  9110 | D:10     | Found a transporter.
  9111 | D:10     | Identified the +10 dire flail of Yrrojate {holy, Str+4}
  9131 | D:10     | Reached XP level 16. HP: 60/141 MP: 1/1
  9144 | D:10     | Killed Ratty's ghost
  9206 | D:10     | Noticed Psyche
  9209 | D:10     | Killed Psyche
  9287 | D:10     | Noticed Sonja
  9293 | D:10     | Killed Sonja
  9710 | D:11     | Got a wavering turquoise ring
  9712 | D:11     | Identified the ring "Xeuggoso" {rElec rPois rC+ Int+8
                  | Dex-5} (You found it on level 11 of the Dungeon)
  9894 | D:13     | Reached skill level 1 in Dodging
  9971 | D:14     | Found Miwucaz's Magic Scroll Emporium.
 10010 | D:14     | Bought a scroll of enchant weapon for 135 gold pieces
 10010 | D:14     | Bought a scroll of enchant weapon for 135 gold pieces
 10010 | D:14     | Bought a scroll of summoning for 171 gold pieces
 10010 | D:14     | Bought a scroll of teleportation for 54 gold pieces
 10010 | D:14     | Bought a scroll of remove curse for 54 gold pieces
 10010 | D:14     | Bought a scroll of enchant armour for 135 gold pieces
 10010 | D:14     | Bought a scroll of fog for 36 gold pieces
 10010 | D:14     | Bought a scroll of fear for 63 gold pieces
 10073 | D:14     | Found Revoaq's General Store.
 10091 | D:14     | Bought a potion of curing for 48 gold pieces
 10091 | D:14     | Bought a scroll of summoning for 152 gold pieces
 10101 | D:15     | Entered Level 15 of the Dungeon
 10160 | D:14     | Found a gate leading to a gauntlet.
 10187 | Gauntlet | Entered a Gauntlet
 10187 | Gauntlet | Found a transporter.
 10192 | Gauntlet | Found a transporter.
 10223 | Gauntlet | Found a transporter.
 10223 | Gauntlet | Found a runed translucent door.
 10241 | Gauntlet | Found a transporter.
 10250 | Gauntlet | Found a transporter.
 10250 | Gauntlet | Found a transporter.
 10255 | Gauntlet | Reached skill level 5 in Shields
 10258 | Gauntlet | Found a transporter.
 10273 | Gauntlet | Got a warped platinum ring
 10274 | Gauntlet | Identified the ring of Sool {Fire MR+ Str+3 SInv} (You
                  | found it in a Gauntlet)
 10287 | Gauntlet | Found a transporter.
 10341 | Gauntlet | Got a flickering steel ring
 10342 | Gauntlet | Identified the ring "Soyts" {MR+ Int+4 Stlth+} (You found
                  | it in a Gauntlet)
 10390 | Gauntlet | Identified Diegir's Almanac of the Mutagenic Volcanoes
 10391 | Gauntlet | Got a pitted iron ring
 10394 | Gauntlet | Identified the ring "Sizekuon" {rPois MR+ Str+3 Int+5
                  | Slay+2} (You found it in a Gauntlet)
 10803 | Shoals:2 | Found a runed translucent door.
 10820 | Shoals:2 | Noticed Heleythu's ghost (adept CeWz)
 10869 | Shoals:1 | Killed Heleythu's ghost
 10903 | Shoals:2 | Got a shimmering battleaxe
 10904 | Shoals:2 | Identified the +8 battleaxe "Pendulum" {venom, MR+} (You
                  | found it on level 2 of the Shoals)
 11007 | Shoals:3 | Reached skill level 5 in Armour
 11148 | Shoals:4 | Entered Level 4 of the Shoals
 11234 | Shoals:4 | Identified the amulet "Geniun" {Faith *Drain Str+5 SInv
                  | Stlth+} (You found it on level 4 of the Shoals)
 11338 | Shoals:4 | Got a shimmering brass ring
 11339 | Shoals:4 | Identified the ring "Uriotutz" {rN+ MR+ Int+7 Dex-2 Stlth-}
                  | (You found it on level 4 of the Shoals)
 11493 | Shoals:4 | Reached XP level 17. HP: 147/151 MP: 3/3
 11610 | Shoals:4 | HP: 6/151 [drowned by a water nymph (7)]
 11738 | Shoals:4 | Got a barnacled rune of Zot
 12095 | D:10     | Reached skill level 5 in Dodging
 12147 | D:10     | Found a burning altar of Makhleb.
 12162 | D:10     | Found a glowing silver altar of Zin.
 12195 | D:10     | Found a staircase to the Orcish Mines.
 12203 | Orc:1    | Entered Level 1 of the Orcish Mines
 12249 | Orc:2    | Entered Level 2 of the Orcish Mines
 12251 | Orc:2    | Found Gyffeb's Antique Armour Emporium.
 12253 | Orc:2    | Noticed Josephine
 12270 | Orc:2    | Killed Josephine
 12509 | Orc:2    | Found Sotsaste's Magic Scroll Shoppe.
 12522 | Orc:2    | Bought a scroll of fog for 32 gold pieces
 12522 | Orc:2    | Bought a scroll of fear for 56 gold pieces
 12522 | Orc:2    | Bought a scroll of teleportation for 48 gold pieces
 12522 | Orc:2    | Bought a scroll of teleportation for 48 gold pieces
 12522 | Orc:2    | Bought a scroll of magic mapping for 56 gold pieces
 12522 | Orc:2    | Bought a scroll of fog for 32 gold pieces
 12522 | Orc:2    | Bought a scroll of teleportation for 48 gold pieces
 12564 | Orc:2    | Found Acu Ojan's Antique Weapon Shop.
 12580 | Orc:2    | Reached skill level 18 in Invocations
 12625 | Orc:2    | Found Ylalin's Book Shoppe.
 12659 | Orc:2    | Found Vagus's General Store.
 12660 | Orc:2    | Found a staircase to the Elven Halls.
 12672 | Orc:2    | Bought a scroll of identify for 20 gold pieces
 12915 | D:12     | Noticed Rupert
 12922 | D:12     | Killed Rupert
 12951 | D:12     | Reached skill level 10 in Fighting
 13322 | D:14     | Found a gate to the Vaults.
 13352 | Vaults:1 | Entered Level 1 of the Vaults
 13386 | Vaults:1 | Reached skill level 10 in Shields
 13556 | Vaults:2 | Gained mutation: You passively map a large area around you.
                  | [Deep Dwarf growth]
 13556 | Vaults:2 | Reached XP level 18. HP: 117/163 MP: 4/4
 13695 | Vaults:3 | Noticed a lich
 13708 | Vaults:3 | Killed a lich
 13721 | Vaults:2 | Found a snail-covered altar of Cheibriados.
 14101 | Vaults:3 | Reached skill level 19 in Invocations
 14201 | Vaults:3 | Noticed Jory
 14220 | Vaults:3 | Killed Jory
 14322 | Vaults:3 | Noticed Boris
 14331 | Vaults:3 | Killed Boris
 14335 | Vaults:3 | Found a staircase to the Crypt.
 14411 | Vaults:4 | Got a translucent plate armour
 14412 | Vaults:4 | Identified the cursed +1 plate armour "Ywa Buif" {rElec
                  | Str+4} (You found it on level 4 of the Vaults)
 14582 | Vaults:4 | Reached XP level 19. HP: 146/172 MP: 5/5
 14592 | Vaults:5 | Entered Level 5 of the Vaults
 14739 | Vaults:5 | Reached skill level 10 in Armour
 14881 | Vaults:5 | Found Dafizi's Jewellery Emporium.
 14950 | Vaults:5 | Found Qamnupp's Antique Weapon Shoppe.
 14954 | Vaults:5 | Reached skill level 10 in Dodging
 14983 | Vaults:5 | Found Canan's Antique Armour Boutique.
 15002 | Vaults:5 | Bought a pair of embroidered boots for 285 gold pieces
 15038 | Vaults:5 | Reached skill level 20 in Invocations
 15112 | Vaults:5 | Reached skill level 15 in Shields
 15112 | Vaults:5 | Identified the +12 flail "Vesch" {flame, rN+ Int+2 Dex-5}
 15150 | Vaults:5 | Found Igolokur's General Store.
 15154 | Vaults:5 | Got a silver rune of Zot
 15159 | Vaults:5 | Bought a scroll of teleportation for 60 gold pieces
 15159 | Vaults:5 | Bought a scroll of fear for 70 gold pieces
 15159 | Vaults:5 | Bought a scroll of identify for 40 gold pieces
 15213 | Vaults:5 | Reached XP level 20. HP: 179/183 MP: 6/6
 15321 | Vaults:5 | Reached skill level 21 in Invocations
 15360 | Vaults:5 | Identified A Thorough Guide to Sorcery
 15491 | Vaults:5 | Reached skill level 22 in Invocations
 15610 | Vaults:5 | Identified Sif Muna's Disquisition on Fire and
                  | Confrontation
 15809 | D:14     | Found a shimmering altar of Xom.
 15809 | D:14     | Noticed Piunecan's ghost (journeyman FoFi)
 15810 | D:14     | Found a runed translucent door.
 15810 | D:14     | Identified the +10 dire flail "Anooc" {chaos, Dex+4 Stlth+}
 15828 | D:14     | Killed Piunecan's ghost
 15836 | D:14     | Got a pitted platinum ring
 15837 | D:14     | Identified the ring of the Scavenger {rElec rF+ Stlth+}
                  | (You found it on level 14 of the Dungeon)
 16013 | D:15     | Reached skill level 23 in Invocations
 16036 | D:15     | Found a staircase to the Depths.
 16048 | Depths:1 | Entered Level 1 of the Depths
 16305 | Depths:1 | Found a gateway to Hell.
 16343 | Depths:2 | Reached skill level 24 in Invocations
 16383 | Depths:2 | Reached XP level 21. HP: 145/190 MP: 7/7
 16524 | Depths:2 | Reached skill level 25 in Invocations
 16569 | Depths:2 | Gained mutation: Scrolls take you a little longer to read.
                  | [a cacodemon]
 16583 | Depths:2 | Found a one-way gate leading to the halls of Pandemonium.
 16735 | Depths:3 | Noticed Asterion
 16748 | Depths:3 | Killed Asterion
 17128 | Depths:3 | Found a one-way gate to the infinite horrors of the Abyss.
 17210 | Depths:3 | Found a gateway to a ziggurat.
 17237 | Depths:3 | Reached skill level 26 in Invocations
 17316 | Depths:4 | Noticed a golden dragon
 17367 | Depths:4 | Killed a golden dragon
 17404 | Depths:4 | Identified the +8 chain mail "Gygem" {Str+3} (You found it
                  | on level 4 of the Depths)
 17408 | Depths:5 | Entered Level 5 of the Depths
 17556 | Depths:5 | Found Gylyrph's Antique Armour Boutique.
 17567 | Depths:5 | Reached skill level 27 in Invocations
 17615 | Depths:5 | Bought a steaming shield for 389 gold pieces
 17617 | Depths:5 | Identified the -8 shield "Viewen" {rN+ rCorr Str-5 Dex+7}
                  | (You bought it in a shop on level 5 of the Depths)
 17697 | Depths:4 | Noticed Saint Roka
 17722 | Depths:5 | Reached XP level 22. HP: 157/199 MP: 9/9
 17750 | Depths:5 | Killed Saint Roka
 17785 | Depths:4 | Noticed a caustic shrike
 17791 | Depths:4 | Noticed a juggernaut
 17804 | Depths:5 | Killed a caustic shrike
 17934 | Depths:5 | Noticed a golden dragon
 17945 | Depths:5 | Killed a golden dragon
 17945 | Depths:5 | Reached skill level 10 in Evocations
 18036 | Depths:5 | Found a gate to the Realm of Zot.
 18045 | Zot:1    | Entered Level 1 of the Realm of Zot
 18636 | Zot:5    | Entered Level 5 of the Realm of Zot
 19061 | Zot:5    | Noticed an ancient lich
 19093 | Zot:5    | Noticed an orb of fire
 19095 | Zot:5    | Noticed an ancient lich
 19099 | Zot:5    | Noticed a Killer Klown
 19103 | Zot:5    | Noticed an orb of fire
 19106 | Zot:5    | Killed an ancient lich
 19106 | Zot:5    | Reached XP level 23. HP: 167/212 MP: 10/10
 19118 | Zot:5    | Gained mutation: You are frail. (-10% HP) [an orb of fire]
 19122 | Zot:5    | Noticed a Killer Klown
 19124 | Zot:5    | Killed an orb of fire
 19126 | Zot:5    | Noticed an ancient lich
 19175 | Zot:5    | Killed an ancient lich
 19182 | Zot:5    | Noticed a Killer Klown
 19192 | Zot:5    | Noticed a Killer Klown
 19207 | Zot:5    | Killed a Killer Klown
 19221 | Zot:5    | Killed a Killer Klown
 19259 | Zot:5    | Noticed an orb of fire
 19264 | Zot:5    | Gained mutation: You are dopey. (Int -2) [an orb of fire]
 19273 | Zot:5    | Killed an orb of fire
 19274 | Zot:5    | Noticed a Killer Klown
 19280 | Zot:5    | Noticed a Killer Klown
 19295 | Zot:5    | Noticed an ancient lich
 19299 | Zot:5    | Noticed a Killer Klown
 19301 | Zot:5    | Killed an ancient lich
 19304 | Zot:5    | Killed a Killer Klown
 19306 | Zot:5    | Killed a Killer Klown
 19310 | Zot:5    | Gained mutation: You are clumsy. (Dex -2) [an orb of fire]
 19324 | Zot:5    | Killed an orb of fire
 19335 | Zot:5    | Noticed a Killer Klown
 19337 | Zot:5    | Killed a Killer Klown
 19344 | Zot:5    | Killed a Killer Klown
 19422 | Zot:5    | Noticed a Killer Klown
 19426 | Zot:5    | Noticed a Killer Klown
 19448 | Zot:5    | Killed a Killer Klown
 19448 | Zot:5    | Reached skill level 15 in Fighting
 19469 | Zot:5    | Killed a Killer Klown
 19530 | Zot:5    | Reached skill level 15 in Armour
 19530 | Zot:5    | Reached skill level 15 in Dodging
 19633 | Zot:5    | Noticed a Killer Klown
 19636 | Zot:5    | Killed an ancient lich
 19636 | Zot:5    | Reached XP level 24. HP: 172/202 MP: 3/10
 19639 | Zot:5    | Killed a Killer Klown
 19662 | Zot:5    | Killed a Killer Klown
 19681 | Zot:5    | Killed a Killer Klown
 19718 | Zot:5    | Got the Orb of Zot
 19829 | Depths:5 | Noticed Riqion the pandemonium lord
 19860 | Depths:4 | Killed a juggernaut
 19984 | Depths:2 | Noticed a seraph
 19985 | Depths:2 | Noticed Poyboqaf the pandemonium lord
 20070 | Depths:1 | Noticed a seraph
 20093 | Depths:1 | Lost mutation: You are dopey. (Int -2) [potion of mutation]
 20093 | Depths:1 | Lost mutation: Scrolls take you a little longer to read.
                  | [potion of mutation]
 20093 | Depths:1 | Lost mutation: You are frail. (-10% HP) [potion of
                  | mutation]
 20093 | Depths:1 | Gained mutation: Your body sometimes deteriorates upon
                  | taking damage. [potion of mutation]
 20093 | Depths:1 | Gained mutation: You are partially covered in thin metallic
                  | scales. (AC +2) [potion of mutation]
 20093 | Depths:1 | Gained mutation: You have sharp toenails. [potion of
                  | mutation]
 20736 | D:4      | Noticed Dygi the pandemonium lord
 20845 | D:1      | Noticed Doth the pandemonium lord
 20878 | D:1      | Killed Doth the pandemonium lord
 20904 | D:$      | Escaped with the Orb!

Levels and vault maps discovered:
D:1:      lemuel_arrival_river_bridge, layout_basic
D:2:      wander_river, layout_basic, nicolae_gozag_seed_capital
D:3:      layout_basic, old_standard_altar, lemuel_crystal_altar,
          chequers_ecumenical_altar_simple, first_ration
D:4:      layout_loops_ring, lemuel_doored_altar, serial_park_tiny_1,
          minmay_misc_feat_cross, kennysheep_generic_room_8, uniq_eustachio,
          uniq_blork_the_orc
D:5:      layout_cave_pools, kennysheep_little_box, gammafunk_ghost_stat_death,
          minmay_pentangle, uniq_ijyb, uniq_grinder, uniq_prince_ribbit1
D:6:      layout_cave_pods, overflow_temple_1_default, skrybe_limestone_x,
          nemelex_xobeh_ov_fountains_minmay
D:7:      layout_basic, lemuel_coloured_pillars_altar, lemuel_temple_firewalk_b,
          serial_undead, serial_undead_a, serial_undead_e, serial_undead_e,
          serial_undead_f, serial_undead_a, serial_undead_d, glass_columns_a
D:8:      layout_cave_pools, dancing_weapons_uskayaw,
          makhleb_blood_cavern_becter, due_lair_maze_entry_diamond, serial_park,
          grunt_livestock
D:9:      layout_cave_pools, nicolae_overflow_quartered_altars,
          serial_column_ruins, column_ruins_hut, column_ruins_open_tiny,
          column_ruins_grid_4, column_ruins_open_medium,
          column_ruins_open_large, basic_altar, uniq_erolcha
D:10:     layout_roguey, orc_0_dummy, basic_altar, gammafunk_ghost_smash,
          lemuel_statue_altar, uniq_sonja, uniq_psyche
D:11:     layout_long_grid, uniq_urug
D:12:     layout_basic, gammafunk_ghost_mausoleum, uniq_rupert
D:13:     gammafunk_mikee_crab_dinner, layout_basic, minivault_16, drop_trap
D:14:     layout_gridville, grunt_vaults_entry_tiered, ebering_ghost_xom,
          serial_bayou, serial_bayou_lake_a, serial_bayou_shore_b,
          serial_bayou_lagoon_a, serial_bayou_pond_c, serial_bayou_pond_d,
          gauntlet_entry_generic, serial_shops, shop_coins, kennysheep_mini,
          shop_fountains, nicolae_shop_statue_plus, shop
D:15:     gammafunk_enter_depths_forms, layout_basic, hangedman_glass_teeth
Temple:   eino_temple_lava
Lair:1:   layout_regular_city, minmay_lair_oklob_chamber
Lair:2:   layout_hall_layers, dummy_snake_entry
Lair:3:   layout_gridlike, minmay_shoals_entry_lonely_mermaid,
          portal_ice_cave_rime, beast_lair_carwin_6, grunt_megastairs_2,
          serial_bayou_shore_b
Lair:4:   layout_long_grid, grunt_megastairs_4, serial_bayou_shore_a
Lair:5:   layout_small_grid
Lair:6:   cheibrodos_lair_end_hotspot, layout_regular_city, slime_altar_1
Shoals:1: layout_shoals, kb_tengu_band
Shoals:2: layout_shoals, gammafunk_ghost_grave, yaktaur_hedge
Shoals:3: layout_shoals, nicolae_shoals_loop_pool
Shoals:4: shoals_end_simple, layout_shoals
Snake:1:  layout_rooms
Snake:2:  layout_misc_corridors, serial_shops, nicolae_shop_trees,
          nicolae_snake_serpentine_hallways, minmay_shoptagon
Snake:3:  layout_misc_corridors, uniq_aizul, uniq_kirke
Snake:4:  grunt_snake_rune_pools, layout_cave_town
Orc:1:    layout_diamond_mine
Orc:2:    grunt_orc_gardens, layout_diamond_mine, grunt_orc_garden,
          grunt_orc_garden, grunt_orc_garden, grunt_orc_garden, serial_shops,
          nicolae_shop_waterfront, nicolae_orc_lava_room, uniq_josephine
Vaults:1: nicolae_vaults_circle_grid_a, v_rooms_6,
          nicolae_vaults_little_squares_5, vaults_room_grunt_arrival_ludios,
          vaults_dpeg_ring, v_misc_24, v_misc_10, ontoclasm_vaults_gallery,
          nicolae_vaults_mini_display_case, layout_vaults_omnigrid
Vaults:2: v_misc_27, v_rooms_2, v_misc_4, vaults_mumra_hexcomb,
          vaults_room_door_ring, grunt_vaults_funnel,
          nicolae_vaults_angled_halls, nicolae_vaults_angled_halls,
          ontoclasm_vaults_misaligned, nicolae_vaults_specimen_jars,
          grunt_vaults_swirl, v_alt_pattern_4, v_misc_8,
          layout_vaults_maze_snakey, basic_altar
Vaults:3: v_misc_30, nicolae_vaults_network_square, nicolae_vaults_alarming,
          minmay_crypt_entry_simple_walls, ontoclasm_vaults_decontamination,
          hangedman_vaults_hat, v_misc_17, vaults_room_fours, v_misc_9,
          grunt_vaults_hallway_long, ontoclasm_vaults_ring_large,
          layout_vaults_omnicross, serial_shops, shop, uniq_boris, uniq_jory
Vaults:4: v_pattern_5, vaults_room_pools, ontoclasm_vaults_claustrophobia,
          v_misc_22, ontoclasm_vaults_misaligned, dpeg_vaults_monster_box,
          v_rooms_3, ontoclasm_vaults_shuriken, grunt_vaults_hallway_long,
          grunt_vaults_focal, v_misc_9, layout_vaults_big_room, uniq_mennas
Vaults:5
Depths:1: minmay_the_grid_triangle_9x9_recursive_3_mashed
          [minmay_the_grid_triangle_9x9_steps,
          minmay_the_grid_triangle_9x9_zippers_horizontal,
          minmay_the_grid_triangle_9x9_tough_junction,
          minmay_the_grid_triangle_9x9_prize_top_heavy,
          minmay_the_grid_triangle_9x9_corruption,
          minmay_the_grid_triangle_9x9_pentomino_pain,
          minmay_the_grid_triangle_9x9_zippers_vertical,
          minmay_the_grid_triangle_9x9_impossible_snake,
          minmay_the_grid_triangle_9x9_cache], layout_twisted_cross,
          hangedman_abyss_or_decor_jellyfish_corner, hell_entry,
          minmay_hedge_maze, kennysheep_generic_room_11
Depths:2: minmay_triangles_in_corner, layout_gridville,
          grunt_hell_entry_dis_grunt, hex_medium, serial_shops, bzr_in_the_mist,
          rand_demon_pan_entry_8
Depths:3: impenetrable_vault, layout_gridville, enter_ziggurat_b,
          rand_demon_pan_entry_9, pf_hell_entry_tar_river, abyss_entry,
          minmay_misc_feat_square, feat_on_display,
          infiniplex_staircase_zigzag_5, uniq_asterion
Depths:4: hangedman_cross_cluster, layout_cross, abyss_entry_flame_altar,
          pan_entry, lightli_too_deep, minmay_staircase_statues, uniq_saint_roka
Depths:5: grunt_zot_entry_gee_three, layout_cave_pools, hangedman_coc_ice_floe,
          serial_shops, shop, minmay_misc_feat_tiny, grunt_decor_resistance,
          serial_bayou_shore_b
Zot:1:    layout_concentric_octagons
Zot:2:    layout_misc_corridors
Zot:3:    layout_basic, ebering_ghost_disaster_area, st_single_dragon_hoard_4
Zot:4:    layout_onion, gammafunk_ghost_crypt
Zot:5:    layout_concentric_octagons

Skill      XL: |  1  2  3  4  5  6  7  8  9 10 11 12 13 14 15 16 17 18 19 20 21 22 23 24 |
---------------+-------------------------------------------------------------------------+-----
Axes           | 3 4 6 7 8 9 11 14 15 16 17 18 20 | 20.0
Evocations     | 3 5 7 8 9 10 | 10.0
Fighting       | 4 7 8 9 10 11 12 13 15 | 15.0
Invocations    | 2 6 10 13 15 17 18 19 20 24 27 | 27.0
Spellcasting   | 5 7 9 10 11 12 | 12.0
Dodging        | 4 6 8 10 13 15 | 15.0
Shields        | 7 10 12 15 18 | 18.3
Armour         | 5 7 9 10 13 15 | 15.0

Action                   |  1- 3 |  4- 6 |  7- 9 | 10-12 | 13-15 | 16-18 | 19-21 | 22-24 || total
-------------------------+-------+-------+-------+-------+-------+-------+-------+-------++-------
Melee: War axe           |    53 |    98 |   453 |   711 |     3 |    17 |       |       ||  1335
       Hand axe          |       |       |    58 |       |       |       |       |       ||    58
       Battleaxe         |       |       |       |    77 |   613 |       |       |       ||   690
       Broad axe         |       |       |       |       |   144 |  1398 |  1235 |  1149 ||  3926
Throw: Dart              |       |       |       |    14 |     1 |       |       |       ||    15
       Javelin           |       |       |       |       |       |    14 |       |       ||    14
       Throwing net      |       |       |       |       |       |     1 |       |     7 ||     8
Invok: Greater Servant o |       |       |       |       |     2 |     4 |     9 |    20 ||    35
       Lesser Servant of |       |       |       |       |     4 |     3 |     2 |     7 ||    16
 Abil: Heal Wounds       |       |    12 |    12 |    43 |    44 |     9 |     5 |    40 ||   165
Evoke: Wand              |       |    13 |     3 |       |     7 |     3 |       |     9 ||    35
       Phantom mirror    |       |       |       |       |       |       |       |     2 ||     2
       Sack of spiders   |       |       |       |       |       |       |       |     1 ||     1
  Use: Scroll            |       |       |    13 |    11 |    17 |    20 |     8 |    16 ||    85
       Potion            |       |       |       |     5 |     6 |     3 |     1 |    12 ||    27
 Stab: Petrified         |       |       |       |     4 |       |     6 |       |       ||    10
       Distracted        |       |       |       |       |     2 |     4 |     7 |    14 ||    27
       Held in net/web   |       |       |       |       |       |     1 |       |     8 ||     9
  Eat: Chunk             |       |       |     9 |     6 |     9 |    21 |       |       ||    45
       Ration            |       |       |       |     1 |     1 |     2 |     3 |     4 ||    11
Armor: Scale mail        |    37 |    32 |     3 |       |       |       |       |       ||    72
       Chain mail        |       |       |   250 |   381 |   386 |   186 |       |       ||  1203
       Plate armour      |       |       |       |       |       |   444 |   453 |    46 ||   943
       Gold dragon scale |       |       |       |       |       |       |       |   376 ||   376
Dodge: Dodged            |    27 |    25 |    54 |    99 |   205 |   204 |   313 |   286 ||  1213
Block: Shield            |    35 |    39 |       |       |       |       |       |       ||    74
       Large shield      |       |    30 |   368 |   588 |    79 |  1318 |  1260 |  1138 ||  4781
